 Dungeon Crawl Stone Soup version 0.24.0-1-gfbc8707 (webtiles) character file.

Game seed: 10144159588113256879, levelgen mode: deterministic

42517 Fang the Fighter (level 14, -15/94 HPs)
             Began as a Gargoyle Berserker on Oct 28, 2019.
             Was the Champion of Trog.
             Demolished by an enormous slime creature (60 damage)
             ... on level 13 of the Dungeon.
             The game lasted 00:22:02 (19692 turns).

Fang the Fighter (Gargoyle Berserker)              Turns: 19692, Time: 00:22:02

Health: -15/94     AC: 37    Str: 27    XL:     14   Next: 20%
Magic:  4/4        EV: 13    Int:  8    God:    Trog [******]
Gold:   1267       SH:  0    Dex: 12    Spells: 13/13 levels left

rFire    + + .     SeeInvis +   E - +8 battleaxe of Linearity {antimagic, Stlth+}
rCold    + + .     Gourm    +   (shield currently unavailable)
rNeg     + . .     Faith    .   b - +5 plate armour
rPois    ∞         Spirit   .   o - +2 hat {Int+3}
rElec    +         Reflect  .   D - +2 cloak
rCorr    +         Harm     .   (no gloves)
MR       +++..                  (no boots)
Stlth    ..........             J - amulet of Kounat {Gourm Dex+3}
HPRegen  1.25/turn              x - ring "Miyd" {rC+ Int-2 SInv}
MPRegen  0.09/turn              H - ring of Divine Intervention {rF++ rC+ rCorr}

@: flying, regenerating
A: big wings, negative energy resistance 1, electricity resistance, unbreathing,
petrification resistance, rot immunity, AC +10
a: Stop Flying, Berserk, Trog's Hand, Brothers in Arms, Renounce Religion


You were on level 13 of the Dungeon.
You worshipped Trog.
Trog was exalted by your worship.
You were very full.

You visited 3 branches of the dungeon, and saw 20 of its levels.
You also visited: Gauntlet.

You collected 1267 gold pieces.

Inventory:

Hand Weapons
 a - a +4 war axe of freezing
 n - a +8 antimagic war axe
 r - the +6 hand axe "Grim Tooth" {speed, rPois rC+}
   (You found it on level 5 of the Dungeon)

   Attacks with this weapon are significantly faster.
   It protects you from cold.
   It protects you from poison.
 t - a +2 hand axe of flaming
 E - the +8 battleaxe of Linearity (weapon) {antimagic, Stlth+}
   (You found it in a Gauntlet)

   It reduces the magical energy of the wielder, and disrupts the spells and
   magical abilities of those hit.
   Natural abilities and divine invocations are not affected.
   It makes you more stealthy.
Armour
 b - a +5 plate armour (worn)
 o - a +2 hat of intelligence (worn)
 D - a +2 cloak (worn)
Jewellery
 p - an uncursed ring of protection from fire
 v - a +4 ring of evasion
 w - an uncursed ring of protection from cold
 x - the ring "Miyd" (left hand) {rC+ Int-2 SInv}
   (You took it off a yaktaur on level 10 of the Dungeon)

   [ring of intelligence]

   It affects your intelligence (-2).
   It protects you from cold.
   It lets you see invisible.
 y - an uncursed ring of resist corrosion
 G - the amulet of Starshine {Inacc rPois Dex+4}
   (You found it on level 10 of the Dungeon)

   [amulet of inaccuracy]

   It reduces the accuracy of all your attacks.
   It affects your dexterity (+4).
   It protects you from poison.
 H - the ring of Divine Intervention (right hand) {rF++ rC+ rCorr}
   (You found it on level 10 of the Dungeon)

   [ring of resist corrosion]

   It greatly protects you from fire.
   It protects you from cold.
   It provides partial protection from all sources of acid and corrosion.
 I - the ring "Eniyrph" {rF- Int+5 Stlth-}
   (You found it on level 10 of the Dungeon)

   [ring of attention]

   It affects your intelligence (+5).
   It makes you vulnerable to fire.
   It makes you less stealthy.
 J - the amulet of Kounat (around neck) {Gourm Dex+3}
   (You found it on level 6 of the Lair of Beasts)

   [amulet of the gourmand]

   It allows you to eat raw meat even when not hungry.
   It affects your dexterity (+3).
Wands
 g - a wand of acid (37)
 A - a wand of flame (68)
 C - a wand of random effects (13)
 F - a wand of enslavement (9)
 K - a wand of scattershot (16)
Scrolls
 e - 8 scrolls of identify
 f - 4 scrolls of teleportation
 j - 6 scrolls of remove curse
 k - a scroll of fear
Potions
 d - 4 potions of heal wounds
 h - 3 potions of mutation
 i - 3 potions of haste
 m - 7 potions of curing
 s - a potion of invisibility
 z - 4 potions of agility
 B - 3 potions of berserk rage
Comestibles
 c - 26 rations
 l - 3 chunks of flesh


   Skills:
 + Level 13.4 Fighting
 + Level 11.5 Axes
 + Level 13.2 Armour
 + Level 10.5 Dodging


You had 13 spell levels left.
You didn't know any spells.
Your spell library was empty.

Dungeon Overview and Level Annotations

Branches:
Dungeon (13/15)            Temple (1/1) D:5            Lair (6/6) D:11
  Swamp (0/4) Lair:2        Snake (0/4) Lair:2        Slime (0/5) Lair:6
    Orc (0/2) D:11        Gauntlet (visited)
 Vaults: D:13-14

Altars:
Cheibriados
Gozag
Makhleb
Nemelex Xobeh
Okawaru
Ru
Sif Muna
Trog
Vehumet
Yredelemnul
The Shining One
Beogh

Shops:
D:9 }:}(

Annotations:
D:9 2 transporters
Lair:6 exclusion: 3 oklob plants


Innate Abilities, Weirdness & Mutations

You are resistant to torment.
Your stone body is resilient. (AC +10)
You are immune to poison.
Your large and strong wings let you fly indefinitely.
You resist negative energy. (rN+)
You are resistant to electric shocks. (rElec)
You can survive without breathing.
You are immune to petrification.
You are immune to rotting.


Message History

* * * LOW HITPOINT WARNING * * *
You barely miss the very large slime creature.
The very large slime creature is severely wounded.
Two slime creatures merge to form an enormous slime creature.
You feel much better.
The enormous slime creature completely misses you.
Your skin crawls.
You feel resistant to hostile enchantments.
You feel somewhat less full.
The enormous slime creature hits you but does no damage.
Your iron troll goes berserk!
A crocodile comes into view.
The enormous slime creature closely misses you.
You swap places.
The enormous slime creature hits your iron troll!!
Your iron troll bites the enormous slime creature!
Your iron troll claws the enormous slime creature! x2
You swap places.
The enormous slime creature hits you!!!
Ouch! That really hurt!
You die...

####### #.....
#...# #?..#
############...####
#T@J...t...........
###########^.######
#..# #..#
######..######
..............
..............
.............(
#########...###


You could see an enormous slime creature, a crocodile and a friendly iron troll
(berserk).

Vanquished Creatures
  Gastronok (Lair:2)
  A minotaur (Gauntlet)
  3 hydras
  2 two-headed ogres
  Urug (Lair:1)
  3 unseen horrors
  A fire crab (Gauntlet)
  A necromancer (Lair:2)
  A cyclops (D:12)
  A deep elf mage (D:12)
  An ugly thing (D:12)
  A black mamba (Lair:6)
  9 spiny frogs
  3 rime drakes
  A gargoyle (D:11)
  An efreet (D:10)
  3 komodo dragons
  A yaktaur (D:10)
  An ice devil (Gauntlet)
  3 polar bears (Lair:6)
  6 trolls
  4 blink frogs (Lair:6)
  13 hippogriffs
  4 hornets (Lair:6)
  2 dream sheep (Lair:6)
  12 spriggans
  5 shadows (Gauntlet)
  A wyvern (Lair:5)
  14 yaks
  A human (D:9)
  3 fire bats (Gauntlet)
  A steam dragon (D:11)
  4 hogs (D:9)
  4 basilisks
  A hungry ghost (D:7)
  3 vampire mosquitoes
  2 nagas (Lair:2)
  An acid dragon (D:12)
  10 water moccasins
  Duvessa (D:7)
  6 porcupines
  4 ice beasts
  A sky beast (D:12)
  An eye of draining (D:11)
  5 orc warriors
  5 black bears
  2 necrophages
  2 phantoms
  4 boggarts (Lair:6)
  6 ogres
  24 wolves
  2 centaurs
  10 crocodiles
  2 big kobolds
  A gnoll sergeant (D:7)
  18 bullfrogs
  A water moccasin zombie (D:8)
  Dowan (D:7)
  4 scorpions
  6 killer bees (D:11)
  9 wights
  4 electric eels
  2 howler monkeys (D:12)
  6 crimson imps
  A quasit (D:8)
  A bullfrog zombie (D:10)
  3 centaur zombies
  4 jellies
  Crazy Yiuf (D:3)
  6 orc priests
  3 hounds
  4 iguanas
  10 orc wizards
  4 polar bear simulacra (Lair:2)
  10 worker ants
  2 yak simulacra (Lair:2)
  3 wolf simulacra (Lair:2)
  A howler monkey zombie (D:8)
  9 adders
  22 gnolls
  9 river rats
  3 shadow imps
  3 white imps (Gauntlet)
  6 oozes
  4 adder skeletons
  3 worms
  3 dart slugs
  6 leopard geckos
  57 orcs
  2 ball pythons (D:4)
  14 bats
  3 giant cockroaches
  5 goblins
  8 hobgoblins
  13 jackals
  7 quokkas
  A ball python skeleton (D:4)
  5 frilled lizards
  2 goblin zombies (D:5)
  2 hobgoblin zombies (D:5)
  10 kobolds
  2 orc skeletons (D:5)
  An orc zombie (D:5)
  21 rats
  2 river rat simulacra (Lair:2)
  13 fungi
  3 plants
549 creatures vanquished.

Vanquished Creatures (collateral kills)
  2 hydras
  A tengu warrior (D:10)
  A spiny frog (Lair:1)
  A water moccasin (Lair:4)
  A black bear (Lair:1)
6 creatures vanquished.

Vanquished Creatures (others)
  A bat (D:2)
  2 fungi (Lair:6)
  2 plants
5 creatures vanquished.

Grand Total: 560 creatures vanquished

Notes
Turn   | Place    | Note
-------+----------+-------------------------------------------
     0 | D:1      | Fang the Gargoyle Berserker began the quest for the Orb.
     0 | D:1      | Reached XP level 1. HP: 14/14 MP: 1/1
     1 | D:1      | Noticed an electric eel
    70 | D:1      | Reached XP level 2. HP: 18/19 MP: 2/2
   333 | D:1      | Reached XP level 3. HP: 20/23 MP: 3/3
   928 | D:2      | Reached ** piety under Trog
  1038 | D:1      | Reached XP level 4. HP: 11/29 MP: 4/4
  1320 | D:2      | Reached XP level 5. HP: 18/33 MP: 5/5
  2732 | D:3      | Found an iron altar of Okawaru.
  2822 | D:3      | Found a runed translucent door.
  2823 | D:3      | Noticed Crazy Yiuf
  2830 | D:3      | Killed Crazy Yiuf
  3075 | D:4      | Reached XP level 6. HP: 39/39 MP: 6/6
  3441 | D:4      | Reached *** piety under Trog
  3514 | D:4      | Reached skill level 5 in Fighting
  3896 | D:5      | Entered Level 5 of the Dungeon
  3957 | D:5      | Found a sparkling altar of Nemelex Xobeh.
  4004 | D:5      | Reached XP level 7. HP: 33/44 MP: 7/7
  4059 | D:5      | Found a staircase to the Ecumenical Temple.
  4296 | D:5      | Found a glowing golden altar of the Shining One.
  4868 | D:5      | Got a translucent hand axe
  4870 | D:5      | Identified the +6 hand axe "Grim Tooth" {speed, rPois rC+}
                  | (You found it on level 5 of the Dungeon)
  4970 | D:6      | Found a radiant altar of Vehumet.
  5000 | D:6      | Reached skill level 5 in Armour
  5059 | D:6      | Reached XP level 8. HP: 39/51 MP: 8/8
  5061 | D:6      | Reached **** piety under Trog
  5313 | D:6      | Reached skill level 5 in Axes
  5797 | D:7      | Found a sacrificial altar of Ru.
  5863 | D:7      | Noticed Duvessa
  5863 | D:7      | Noticed Dowan
  5878 | D:7      | Killed Dowan
  5880 | D:7      | Killed Duvessa
  6140 | D:7      | Noticed a hippogriff
  6157 | D:7      | Killed a hippogriff
  6157 | D:7      | Reached skill level 5 in Dodging
  6157 | D:7      | Reached XP level 9. HP: 34/57 MP: 9/9
  6887 | D:8      | Reached ***** piety under Trog
  7152 | D:8      | Found a bloodstained altar of Trog.
  7199 | Temple   | Entered the Ecumenical Temple
  7499 | D:8      | Found a snail-covered altar of Cheibriados.
  7625 | D:8      | Reached XP level 10. HP: 49/64 MP: 10/10
  7922 | D:9      | Noticed a manticore
  7924 | D:9      | Noticed a wolf spider
  7925 | D:9      | Found a transporter.
  7925 | D:9      | Noticed an orc knight
  7927 | D:9      | Noticed a centaur warrior
  7933 | D:9      | Found Adiluxov's Book Boutique.
  7955 | D:9      | Found a transporter.
  8053 | D:9      | Found Cubb's Gadget Emporium.
  8304 | D:9      | Found Fyvuell's Weapon Boutique.
  8445 | D:9      | Found Opaik's Gadget Emporium.
  8798 | D:10     | Entered Level 10 of the Dungeon
  9470 | D:10     | Noticed a two-headed ogre
  9481 | D:10     | Killed a two-headed ogre
  9481 | D:10     | Reached XP level 11. HP: 72/72 MP: 11/11
  9615 | D:10     | Noticed a tengu warrior
  9623 | D:10     | Noticed a five-headed hydra
  9641 | D:10     | Killed a tengu warrior
  9688 | D:9      | HP: 5/108 [16-headed hydra (4)]
  9689 | D:9      | Killed a 17-headed hydra
  9689 | D:9      | Reached skill level 10 in Fighting
 10105 | D:10     | Killed an unseen horror
 10756 | D:10     | Got a shimmering graven amulet
 10767 | D:10     | Got a translucent turquoise ring
 10770 | D:10     | Got a heavily runed iron ring
 10814 | D:10     | Identified the ring of Divine Intervention {rF++ rC+ rCorr}
                  | (You found it on level 10 of the Dungeon)
 10815 | D:10     | Identified the amulet of Starshine {Inacc rPois Dex+4} (You
                  | found it on level 10 of the Dungeon)
 10819 | D:10     | Identified the ring "Eniyrph" {rF- Int+5 Stlth-} (You found
                  | it on level 10 of the Dungeon)
 10849 | D:10     | Identified the cursed ring "Miyd" {rC+ Int-2 SInv}
 10863 | D:10     | Reached skill level 10 in Armour
 11021 | D:11     | Found a staircase to the Lair.
 11275 | D:11     | Reached ****** piety under Trog
 11360 | D:11     | Found a runed translucent door.
 11372 | D:11     | Found a staircase to the Orcish Mines.
 11609 | D:11     | Found a roughly hewn altar of Beogh.
 11692 | Lair:1   | Entered Level 1 of the Lair of Beasts
 11696 | Lair:1   | Reached XP level 12. HP: 70/79 MP: 12/12
 11712 | Lair:1   | Identified a scroll of acquirement
 11730 | Lair:1   | Noticed an eight-headed hydra
 11742 | Lair:1   | Killed a nine-headed hydra
 12154 | Lair:1   | Noticed Urug
 12190 | Lair:1   | Killed Urug
 12508 | Lair:2   | Received a gift from Trog
 12515 | Lair:2   | Found a staircase to the Snake Pit.
 12693 | Lair:2   | Found a staircase to the Swamp.
 12901 | Lair:2   | Received a gift from Trog
 13093 | Lair:2   | Noticed Gastronok
 13115 | Lair:2   | Killed Gastronok
 13586 | Lair:3   | Found a gate leading to a gauntlet.
 13673 | Gauntlet | Entered a Gauntlet
 13673 | Gauntlet | Found a runed translucent gate.
 13673 | Gauntlet | Found a transporter.
 13673 | Gauntlet | Found a runed translucent gate.
 13673 | Gauntlet | Found a runed translucent gate.
 13673 | Gauntlet | Found a transporter.
 13681 | Gauntlet | Found a transporter.
 13718 | Gauntlet | Found a transporter.
 13719 | Gauntlet | Found a transporter.
 13728 | Gauntlet | Found a transporter.
 13731 | Gauntlet | Found a transporter.
 13739 | Gauntlet | Found a transporter.
 13756 | Gauntlet | Found a transporter.
 13769 | Gauntlet | Noticed a six-headed hydra
 13771 | Gauntlet | Found a transporter.
 13775 | Gauntlet | Found a transporter.
 13867 | Gauntlet | Reached skill level 10 in Axes
 13966 | Gauntlet | Found a transporter.
 14165 | Gauntlet | Got a scorched battleaxe
 14201 | Gauntlet | Noticed a minotaur
 14221 | Gauntlet | Killed a minotaur
 14221 | Gauntlet | Reached XP level 13. HP: 86/86 MP: 4/13
 14468 | Lair:3   | Identified the +8 battleaxe of Linearity {antimagic,
                  | Stlth+} (You found it in a Gauntlet)
 14659 | Lair:4   | HP: 6/129 [15-headed hydra (5)]
 16518 | Lair:6   | Entered Level 6 of the Lair of Beasts
 16706 | Lair:6   | Received a gift from Trog
 16761 | Lair:6   | Found a staircase to the Slime Pits.
 17178 | Lair:6   | Reached skill level 10 in Dodging
 18095 | Lair:6   | Got a brightly glowing ruby amulet
 18182 | Lair:6   | Identified the amulet of Kounat {Gourm Dex+3} (You found it
                  | on level 6 of the Lair of Beasts)
 18537 | Lair:6   | Received a gift from Trog
 18892 | D:12     | Gained mutation: Your large and strong wings let you fly
                  | indefinitely. [Gargoyle growth]
 18892 | D:12     | Reached XP level 14. HP: 94/94 MP: 4/14
 19692 | D:13     | Demolished by an enormous slime creature

Levels and vault maps discovered:
D:1:      arrival_aquarium_a, layout_basic, minmay_tree_intersection
D:2:      layout_rooms, lemuel_flame_loot_1
D:3:      layout_loops_ring, lemuel_crystal_altar, first_ration,
          uniq_crazy_yiuf_cottage
D:4:      layout_basic
D:5:      layout_loops_ring, nicolae_tso_besieged_by_evil,
          minmay_temple_entry_wispy, basic_altar
D:6:      lemuel_ratsnest, layout_basic, old_standard_altar
D:7:      layout_loops_cross, nicolae_ru_the_path_less_chosen, uniq_duvessa
D:8:      layout_rooms, overflow_temple_1_default, cheibrodos_worm_habitat,
          kennysheep_opposing_triangles
D:9:      gammafunk_sealed_arena, layout_cave_pods, serial_shops,
          nicolae_shop_trees, kennysheep_little_box, nicolae_shop_trees, shop,
          grunt_livestock, serial_bayou_pond_e
D:10:     minmay_the_grid_triangle_9x9_rhombus_thin
          [minmay_the_grid_triangle_9x9_zippers_vertical,
          minmay_the_grid_triangle_9x9_prize_special,
          minmay_the_grid_triangle_9x9_corrupted_corridor,
          minmay_the_grid_triangle_9x9_checkered], layout_basic
D:11:     layout_cave_pools, david_lair_generic, hiddenorc1_lemuel, minivault_1,
          lightli_church_of_beogh
D:12:     layout_stronghold
D:13:     layout_long_grid, david_vaults_5, minmay_misc_feat_ornament,
          uniq_snorg
Temple:   eino_temple_rhombus
Lair:1:   layout_roguey, infiniplex_staircase_pool, uniq_urug
Lair:2:   layout_gridlike, swamp_mist_pool, minmay_snake_entry_guardpost_small,
          eino_house_with_fridge, uniq_gastronok
Lair:3:   layout_hall_layers, gauntlet_entry_generic,
          chequers_serial_rivers_micro_d, lemuel_fruit_fields,
          serial_bayou_shore_a, grunt_megastairs_2
Lair:4:   layout_layer_cave, pond
Lair:5:   layout_cave_pods, lemuel_fruit_fields, infiniplex_staircase_pool_2
Lair:6:   minmay_lair_end_enchanted_forest, layout_gridlike,
          nicolae_slime_entry_slimehenge, dpeg_oklob_1

Skill      XL: |  1  2  3  4  5  6  7  8  9 10 11 12 13 14 |
---------------+-------------------------------------------+-----
Dodging        | 2 3 5 7 8 9 10 | 10.5
Axes           | 3 4 5 6 8 9 10 11 | 11.5
Armour         | 3 4 5 6 7 9 10 11 12 13 | 13.2
Fighting       | 4 5 7 8 9 10 12 13 | 13.4

Action                   |  1- 3 |  4- 6 |  7- 9 | 10-12 | 13-15 || total
-------------------------+-------+-------+-------+-------+-------++-------
Melee: Hand axe          |   113 |   268 |   367 |   631 |       ||  1379
       Unarmed           |       |     7 |       |       |       ||     7
       War axe           |       |       |    56 |   122 |       ||   178
       Battleaxe         |       |       |       |       |   547 ||   547
Invok: Trog's Hand       |     1 |     1 |     1 |       |     2 ||     5
       Berserk           |       |     5 |     4 |     5 |     4 ||    18
       Brothers in Arms  |       |       |       |     2 |     2 ||     4
 Abil: Fly               |       |       |       |       |     1 ||     1
  Use: Scroll            |       |       |       |    22 |    11 ||    33
       Potion            |       |       |       |       |     3 ||     3
 Stab: Sleeping          |       |     1 |       |       |       ||     1
  Eat: Chunk             |     1 |    10 |    15 |    21 |    36 ||    83
       Ration            |       |     1 |     1 |     2 |       ||     4
Armor: Animal skin       |    63 |    84 |    27 |       |       ||   174
       Chain mail        |       |       |   140 |   157 |       ||   297
       Plate armour      |       |       |       |   239 |   577 ||   816
Dodge: Dodged            |   137 |   195 |   259 |   497 |   765 ||  1853
